 Dungeon Crawl Stone Soup version 0.19.1-1-g22dce08 (webtiles) character file.

53440 kae the Bludgeoner (level 15, -10/120 HPs)
             Began as a Formicid Fighter on Jan 5, 2017.
             Was the Champion of Okawaru.
             Mangled by a sixfirhy (11 damage)
             ... on level 6 of the Lair of Beasts.
             The game lasted 00:23:33 (20735 turns).

kae the Bludgeoner (Formicid Fighter)              Turns: 20735, Time: 00:23:34

Health: -10/120    AC: 27    Str: 32    XL:     15   Next: 10%
Magic:  21/21      EV:  9    Int: 13    God:    Okawaru [******]
Gold:   580        SH: 14    Dex:  7    Spells: 0 memorised, 14 levels left

rFire  . . .     SeeInvis +     b - +4 great mace of the Open Hand {protect, rN+ Str+3 Int+4 Dex-3}
rCold  . . .     Gourm    .     B - +5 chain mail of Tempters {Slay+4}
rNeg   + + .     Faith    .     c - +0 shield
rPois  +         Spirit   .     (helmet unavailable)
rElec  .         Reflect  .     z - +2 cloak {rPois}
rCorr  .         Harm     .     Q - +2 pair of gloves {Str+3}
MR     +....                    H - +0 pair of boots {Stlth+}
Stlth  ..........               (no amulet)
                                j - +1 ring of protection
                                O - ring of positive energy

@: no status effects
A: permanent stasis, dig shafts and tunnels, four strong arms, antennae 3
a: Dig, Shaft Self, Heroism, Finesse, Renounce Religion


You were on level 6 of the Lair of Beasts.
You worshipped Okawaru.
Okawaru was exalted by your worship.
You were very hungry.

You visited 3 branches of the dungeon, and saw 16 of its levels.
You also visited: Labyrinth.

You collected 987 gold pieces.
You spent 407 gold pieces at shops.

Inventory:

Hand Weapons
 a - a +1 flail
 b - the +4 great mace of the Open Hand (weapon) {protect, rN+ Str+3 Int+4 Dex-3}
   (You found it on level 2 of the Lair of Beasts)

   It protects the one who uses it against injury (+AC on strike).
   It affects your strength (+3).
   It affects your intelligence (+4).
   It affects your dexterity (-3).
   It protects you from negative energy.
 n - a +4 mace of freezing
Armour
 c - a +0 shield (worn)
 z - a +2 cloak of poison resistance (worn)
 B - the +5 chain mail of Tempters (worn) {Slay+4}
   (Okawaru gifted it to you on level 1 of the Lair of Beasts)

   It affects your accuracy and damage with ranged weapons and melee attacks
   (+4).
 H - a +0 pair of boots of stealth (worn)
 Q - a +2 pair of gloves of strength (worn)
 W - a +0 cloak of invisibility
Jewellery
 j - a +1 ring of protection (right hand)
 w - an uncursed ring of resist corrosion
 G - an uncursed ring of poison resistance
 O - a ring of positive energy (left hand)
 P - an uncursed ring of flight
 X - an uncursed ring of ice {unknown}
Wands
 l - a wand of flame (27/48)
 o - a wand of teleportation (4/9)
 p - a wand of paralysis (18/24)
 s - a wand of polymorph (7/24)
 v - a wand of acid (0/15)
 D - a wand of confusion (29/48)
 E - a wand of lightning (3/15)
Scrolls
 e - 14 scrolls of identify
 i - 2 scrolls of fear
 q - a scroll of magic mapping
 y - 5 scrolls of teleportation
 L - a scroll of fog
 M - 3 scrolls of amnesia
 R - a scroll of remove curse
 T - a scroll of enchant armour {unknown}
 Y - a scroll of acquirement {unknown}
Potions
 h - 2 potions of cure mutation
 k - 4 potions of heal wounds
 m - a potion of cancellation
 r - 5 potions of brilliance
 t - 11 potions of curing
 x - 2 potions of mutation
 J - a potion of agility
 K - 2 potions of lignification
 N - 2 potions of invisibility
 S - 3 potions of flight
 V - a potion of resistance {unknown}
Books
 C - a book of Changes

   Spells                             Type                      Level
   a - Beastly Appendage              Transmutation                1
   b - Sticks to Snakes               Transmutation                2
   c - Spider Form                    Transmutation/Poison         3
   d - Ice Form                       Ice/Transmutation            4
   e - Blade Hands                    Transmutation                5
 F - a book of Flames

   Spells                             Type                      Level
   a - Flame Tongue                   Conjuration/Fire             1
   b - Throw Flame                    Conjuration/Fire             2
   c - Conjure Flame                  Conjuration/Fire             3
   d - Inner Flame                    Hexes/Fire                   3
   e - Sticky Flame                   Conjuration/Fire             4
   f - Fireball                       Conjuration/Fire             5
 I - a Young Poisoner's Handbook

   Spells                             Type                      Level
   a - Sting                          Conjuration/Poison           1
   b - Mephitic Cloud                 Conjuration/Poison/Air       3
   c - Olgreb's Toxic Radiance        Poison                       4
   d - Alistair's Intoxication        Transmutation/Poison         5
   e - Venom Bolt                     Conjuration/Poison           5
 U - a book of Fire

   Spells                             Type                      Level
   a - Ignite Poison                  Fire/Transmutation/Poison    3
   b - Fireball                       Conjuration/Fire             5
   c - Bolt of Fire                   Conjuration/Fire             6
   d - Delayed Fireball               Conjuration/Fire             7
   e - Ring of Flames                 Charms/Fire                  7
Comestibles
 d - 25 royal jellies
 f - 8 bread rations
 g - 3 beef jerkies
 u - 8 meat rations
 A - 29 fruits


   Skills:
 + Level 12.0 Fighting
 * Level 15.1 Maces & Flails
 + Level 12.1 Armour
 + Level 13.1 Shields
 + Level 9.1 Invocations


You had 14 spell levels left.
You didn't know any spells.

Dungeon Overview and Level Annotations

Branches:
Dungeon (9/15)             Temple (1/1) D:4            Lair (6/6) D:8
  Swamp (0/4) Lair:2        Snake (0/4) Lair:4        Slime (0/5) Lair:6
    Orc (0/2) D:9

Altars:
Ashenzari
Cheibriados
Dithmenos
Elyvilon
Fedhas
Gozag
Hepliaklqana
Kikubaaqudgha
Makhleb
Nemelex Xobeh
Okawaru
Qazlal
Ru
Sif Muna
Trog
Uskayaw
Vehumet
Xom
Yredelemnul
Zin
The Shining One
Jiyva

Shops:
D:4 ?   D:9 [

Annotations:
D:5 galech's ghost, novice TrFi


Innate Abilities, Weirdness & Mutations

You are under a permanent stasis effect.
You can dig through walls and to a lower floor.
Your four strong arms can wield two-handed weapons with a shield.
You have a pair of large antennae on your head. (SInv)


Message History

You start resting.
You feel like a meek peon again.
You start resting.
A sixfirhy comes into view.
A sixfirhy is nearby!
You barely miss the sixfirhy. You block the sixfirhy's attack.
The sixfirhy hits you!
* * * LOW HITPOINT WARNING * * *
The sixfirhy shocks you!
* * * LOW HITPOINT WARNING * * *
You block the sixfirhy's attack.
You miss the sixfirhy. You block the sixfirhy's attack. x2
The sixfirhy hits you.
* * * LOW HITPOINT WARNING * * *
The sixfirhy shocks you!
* * * LOW HITPOINT WARNING * * *
The sixfirhy hits you.
* * * LOW HITPOINT WARNING * * *
The sixfirhy shocks you!
You die...

#♣....♣♣♣ ♣♣♣♣♣♣♣ ♣♣♣
♣♣♣♣♣♣ ♣♣..♣♣ ♣....♣
♣♣♣....♣ ♣♣♣..♣...♣♣♣
♣♣♣..♣♣♣♣♣...♣♣ ♣♣..♣♣♣
♣♣...♣♣♣♣ ♣♣...♣♣ ♣♣♣....♣
** ♣..@..♣ ♣♣♣...
**#######3'###### ♣♣♣.
*≈#.............#########+♣
*≈#....8....8...#........#*
*≈#............4†..)8.8..#
*≈###############4.8.8...#
*≈≈≈≈≈≈≈{,,{,,,,#...8.8..#
*≈≈≈≈≈,,,{,,,,,,#..8.8...#
*≈≈≈≈∩,,,,,_,,,,'...8.8..#


You could see a sixfirhy.

Vanquished Creatures
  A dire elephant (Lair:5)
  The ghost of Paps the Protected, a journeyman DsFi of Hepliaklqana (Lair:5)
  A minotaur (Lab)
  4 hydras
  11 death yaks
  A wizard (Lair:6)
  The ghost of bananaglory the Destroyer, a novice TeFE of Vehumet (D:7)
  23 elephants (Lair:6)
  3 black mambas
  A smoke demon (Lair:6)
  2 orange demons (Lair:6)
  4 rime drakes
  3 ice devils (Lair:6)
  10 spiny frogs
  8 komodo dragons
  2 queen bees
  3 meliai (Lair:5)
  2 polar bears
  A hornet (D:8)
  13 blink frogs
  Prince Ribbit (D:8)
  6 hippogriffs
  9 wyverns
  35 yaks
  Eustachio (D:6)
  Grum (D:9)
  6 basilisks
  A hungry ghost (D:8)
  5 insubstantial wisps (Lair:2)
  2 nagas (Lair:4)
  2 soldier ants (D:8)
  2 hell hounds (Lair:6)
  19 water moccasins
  2 orc warriors
  5 porcupines
  An ice beast (D:8)
  4 black bears
  A phantom (D:8)
  3 ogres
  A centaur (D:7)
  7 wolves
  12 crocodiles
  A big kobold (D:8)
  A wyvern zombie (D:9)
  15 bullfrogs
  A water moccasin zombie (D:9)
  A scorpion (D:6)
  49 killer bees
  5 wights (D:8)
  3 electric eels (D:9)
  A howler monkey (D:9)
  3 crimson imps
  A bullfrog zombie (D:8)
  6 hounds
  3 jellies (D:9)
  5 orc priests
  A bullfrog skeleton (D:7)
  A centaur skeleton (D:9)
  Ijyb (D:3)
  3 iguanas
  5 worker ants
  8 orc wizards
  2 hell rats
  A hound zombie (D:7)
  2 worker ant zombies
  Robin (D:3)
  A gnoll (D:8)
  10 adders
  A shadow imp (D:9)
  An ooze (D:1)
  An adder skeleton (D:9)
  An adder zombie (D:8)
  A worm (D:3)
  A leopard gecko (D:4)
  26 orcs
  A ball python (D:1)
  10 bats
  6 giant cockroaches
  11 hobgoblins
  10 jackals
  6 quokkas
  6 frilled lizards
  14 goblins
  A jackal skeleton (D:4)
  11 kobolds
  A quokka skeleton (D:6)
  3 quokka zombies
  4 rats
468 creatures vanquished.

Vanquished Creatures (others)
  An orange demon (Lair:6)
  11 fungi
  9 plants
21 creatures vanquished.

Grand Total: 489 creatures vanquished

Notes
Turn   | Place    | Note
-------+----------+-------------------------------------------
     0 | D:1      | kae the Formicid Fighter began the quest for the Orb.
     0 | D:1      | Reached XP level 1. HP: 18/18 MP: 1/1
    92 | D:1      | Reached XP level 2. HP: 21/24 MP: 2/2
   523 | D:1      | Reached XP level 3. HP: 24/29 MP: 3/3
  1300 | D:2      | You fall through a shaft for 2 floors!
  1414 | D:4      | Reached XP level 4. HP: 36/37 MP: 4/4
  1448 | D:4      | Reached skill level 3 in Maces & Flails
  1448 | D:4      | Reached XP level 5. HP: 39/42 MP: 5/5
  1489 | D:4      | Found Qaseiwka's Magic Scroll Shoppe.
  2585 | D:3      | Noticed an ogre
  2751 | D:3      | Reached XP level 6. HP: 42/48 MP: 6/6
  2941 | D:3      | Noticed Ijyb
  2952 | D:3      | Killed Ijyb
  3270 | D:2      | Reached skill level 4 in Maces & Flails
  3290 | D:2      | Reached skill level 5 in Shields
  3647 | D:3      | Reached XP level 7. HP: 49/55 MP: 7/7
  3697 | D:3      | Noticed Robin
  3720 | D:3      | Killed Robin
  4179 | D:4      | Reached skill level 5 in Armour
  4363 | D:4      | Found a staircase to the Ecumenical Temple.
  4389 | D:4      | Bought a scroll of identify for 20 gold pieces
  4389 | D:4      | Bought a scroll of identify for 20 gold pieces
  4693 | Temple   | Entered the Ecumenical Temple
  4729 | Temple   | Became a worshipper of Warmaster Okawaru
  4765 | D:5      | Entered Level 5 of the Dungeon
  4797 | D:5      | Noticed galech's ghost (novice TrFi)
  4923 | D:5      | Reached skill level 5 in Maces & Flails
  5287 | D:5      | Reached skill level 5 in Fighting
  5471 | D:5      | Reached XP level 8. HP: 58/62 MP: 8/8
  5706 | D:6      | Found a sparkling altar of Nemelex Xobeh.
  5974 | D:6      | Noticed Eustachio
  6007 | D:6      | Killed Eustachio
  6007 | D:6      | Reached * piety under Okawaru
  6007 | D:6      | Reached skill level 6 in Maces & Flails
  6382 | D:7      | Reached XP level 9. HP: 49/69 MP: 9/9
  6422 | D:7      | Noticed bananaglory's ghost (novice TeFE)
  6606 | D:6      | Reached ** piety under Okawaru
  6819 | D:7      | Reached skill level 7 in Maces & Flails
  7016 | D:7      | Killed bananaglory's ghost
  7800 | D:8      | Reached skill level 8 in Maces & Flails
  8150 | D:8      | Noticed a hippogriff
  8160 | D:8      | Killed a hippogriff
  8245 | D:8      | Reached XP level 10. HP: 42/79 MP: 10/10
  8388 | D:8      | Reached *** piety under Okawaru
  8598 | D:8      | Found a staircase to the Lair.
  8604 | D:8      | Found a shimmering altar of Xom.
  8745 | D:8      | Reached skill level 9 in Maces & Flails
  9205 | D:8      | Noticed Prince Ribbit
  9213 | D:8      | Killed Prince Ribbit
 10096 | D:9      | Noticed Grum
 10125 | D:9      | Killed Grum
 10151 | D:9      | Reached **** piety under Okawaru
 10151 | D:9      | Reached skill level 10 in Maces & Flails
 10610 | D:9      | Found a staircase to the Orcish Mines.
 10635 | D:9      | Reached XP level 11. HP: 57/86 MP: 11/11
 11136 | D:9      | Found Sugeen's Antique Armour Emporium.
 11146 | D:9      | Bought a runed cloak for 367 gold pieces
 11262 | Lair:1   | Entered Level 1 of the Lair of Beasts
 11661 | Lair:1   | Reached skill level 11 in Maces & Flails
 11680 | Lair:1   | Reached ***** piety under Okawaru
 12125 | Lair:1   | Reached skill level 1 in Invocations
 12645 | Lair:1   | Reached skill level 10 in Shields
 12943 | Lair:1   | Noticed a five-headed hydra
 12949 | Lair:1   | Killed a five-headed hydra
 12949 | Lair:1   | Received a gift from Okawaru
 12957 | Lair:1   | Reached XP level 12. HP: 95/95 MP: 12/14
 12959 | Lair:1   | Got an ancient chain mail {god gift}
 12975 | Lair:1   | Identified the +5 chain mail of Tempters {Slay+4} (Okawaru gifted it to you on level 1 of the Lair of Beasts)
 13208 | Lair:2   | Found a staircase to the Swamp.
 13370 | Lair:2   | Got a crystal great mace
 13377 | Lair:2   | Identified the +4 great mace of the Open Hand {protect, rN+ Str+3 Int+4 Dex-3} (You found it on level 2 of the Lair of Beasts)
 13517 | Lair:2   | Found a labyrinth entrance.
 13543 | Lab      | Entered a labyrinth
 13709 | Lab      | Noticed a minotaur
 13718 | Lab      | Killed a minotaur
 13718 | Lab      | Reached skill level 12 in Maces & Flails
 13718 | Lab      | Reached skill level 10 in Armour
 14716 | Lair:3   | Reached skill level 10 in Fighting
 14857 | Lair:3   | Reached skill level 5 in Invocations
 15159 | Lair:3   | Reached XP level 13. HP: 101/103 MP: 16/16
 15364 | Lair:3   | Reached skill level 13 in Maces & Flails
 16079 | Lair:4   | Found a staircase to the Snake Pit.
 16088 | Lair:4   | Reached ****** piety under Okawaru
 16110 | Lair:4   | Noticed a five-headed hydra
 16115 | Lair:4   | Killed a five-headed hydra
 16496 | Lair:4   | Received a gift from Okawaru
 17133 | Lair:5   | Found a sparkling altar of Nemelex Xobeh.
 17250 | Lair:5   | Noticed a five-headed hydra
 17253 | Lair:5   | Killed a five-headed hydra
 17796 | Lair:5   | Noticed Paps's ghost (journeyman DsFi)
 17810 | Lair:5   | Killed Paps's ghost
 17863 | Lair:5   | Reached XP level 14. HP: 83/113 MP: 19/19
 18191 | Lair:5   | HP: 4/113 [meliai/divine providence (16)]
 18199 | Lair:5   | Reached skill level 14 in Maces & Flails
 18941 | Lair:6   | Entered Level 6 of the Lair of Beasts
 18941 | Lair:6   | Found a staircase to the Slime Pits.
 18941 | Lair:6   | Found a viscous altar of Jiyva.
 19087 | Lair:6   | Noticed a dire elephant
 19118 | Lair:5   | Killed a dire elephant
 19121 | Lair:5   | Received a gift from Okawaru
 20528 | Lair:6   | Reached skill level 15 in Maces & Flails
 20552 | Lair:6   | Reached XP level 15. HP: 106/120 MP: 21/21
 20671 | Lair:6   | Received a gift from Okawaru
 20735 | Lair:6   | HP: 3/120 [sixfirhy (10)]
 20735 | Lair:6   | HP: 1/120 [sixfirhy (2)]
 20735 | Lair:6   | Mangled by a sixfirhy

Skill      XL: |  1  2  3  4  5  6  7  8  9 10 11 12 13 14 |
---------------+-------------------------------------------+-----
Shields        | 4 5 6 7 9 10 11 12 13 | 13.1
Armour         | 4 5 6 7 8 9 10 11 12 | 12.1
Maces & Flails | 3 4 5 6 8 10 11 12 13 15 | 15.1
Fighting       | 4 5 7 8 9 10 11 12 | 12.0
Invocations    | 2 5 7 9 |  9.1

Action                   |  1- 3 |  4- 6 |  7- 9 | 10-12 | 13-15 || total
-------------------------+-------+-------+-------+-------+-------++-------
Melee: Flail             |   107 |   230 |    19 |       |       ||   356
       Mace              |       |       |   405 |   518 |       ||   923
       Great mace        |       |       |       |   178 |   599 ||   777
Invok: Heroism           |       |       |     3 |    17 |    15 ||    35
       Finesse           |       |       |       |     1 |       ||     1
 Abil: Dig               |       |     1 |    10 |    12 |     5 ||    28
Evoke: Wand              |       |       |       |     4 |       ||     4
  Use: Scroll            |     6 |     5 |     3 |     4 |     8 ||    26
       Potion            |       |     3 |     1 |     2 |     1 ||     7
  Eat: Chunk             |     1 |     8 |    16 |    23 |    15 ||    63
       Pizza             |       |       |       |     1 |     1 ||     2
       Fruit             |       |       |       |     1 |     1 ||     2
Armor: Scale mail        |    49 |    92 |   129 |    95 |       ||   365
       Chain mail        |       |       |       |   100 |   350 ||   450
Dodge: Dodged            |    33 |    84 |   100 |   233 |   194 ||   644
Block: Shield            |    51 |   142 |   218 |   395 |   474 ||  1280
